Unix NetHack Version 3.7.0-62 Work-in-progress - last build Sep 4 2022 05:15:49 (19f23e9df9cc3a1919452eed5d8f743ebdc3eec5,branch:master).

Game began 2022-09-09 18:56:08, ended 2022-09-10 19:42:44.

Gandelf, neutral male human Monk

  
stone
stone
stone
stone
stone
stone
stone
stone
stone
stone
stone
stone
stone
stone
stone
stone
stone
stone
stone
stone
stone
stone
stone
stone
stone
stone
stone
stone
stone
stone
stone
stone
stone
stone
stone
stone
stone
stone
stone
stone
stone
stone
stone
stone
stone
stone
stone
stone
stone
stone
stone
stone
stone
stone
stone
stone
stone
stone
stone
stone
stone
stone
stone
stone
stone
stone
stone
stone
stone
stone
stone
stone
stone
stone
stone
stone
stone
stone
stone
stone
stone
stone
stone
stone
stone
stone
stone
stone
stone
stone
stone
stone
stone
stone
stone
stone
stone
stone
stone
stone
stone
stone
stone
stone
stone
stone
stone
stone
stone
stone
stone
stone
stone
stone
stone
stone
stone
stone
stone
stone
stone
stone
stone
stone
stone
stone
stone
stone
stone
stone
stone
stone
stone
stone
stone
stone
stone
stone
stone
stone
stone
stone
stone
stone
stone
stone
stone
stone
stone
stone
stone
stone
stone
stone
stone
stone
stone
stone
stone
stone
stone
stone
stone
stone
stone
stone
stone
stone
stone
stone
stone
stone
stone
stone
stone
stone
stone
stone
stone
stone
stone
stone
stone
stone
stone
stone
stone
stone
stone
stone
stone
stone
stone
stone
stone
stone
stone
stone
stone
stone
stone
stone
stone
stone
stone
stone
stone
stone
stone
stone
stone
stone
stone
stone
stone
stone
stone
stone
stone
stone
stone
stone
stone
stone
stone
stone
stone
stone
stone
stone
stone
stone
stone
stone
stone
stone
stone
stone
stone
stone
stone
stone
stone
stone
stone
stone
stone
stone
stone
stone
stone
stone
stone
stone
stone
stone
stone
stone
stone
stone
stone
stone
stone
wall
wall
wall
wall
wall
wall
wall
wall
wall
wall
wall
wall
wall
wall
wall
wall
wall
wall
wall
wall
wall
wall
wall
wall
wall
wall
stone
stone
stone
stone
stone
stone
stone
stone
stone
stone
stone
stone
stone
stone
stone
stone
stone
stone
stone
stone
stone
stone
stone
stone
stone
stone
stone
stone
stone
stone
stone
stone
stone
stone
stone
stone
stone
stone
stone
stone
stone
stone
stone
stone
stone
stone
stone
stone
stone
stone
stone
stone
stone
wall
.dark part of a room
^hole
^hole
^hole
^hole
^hole
^hole
^hole
^hole
^hole
^hole
^hole
^hole
^hole
^hole
^hole
^hole
.floor of a room
.floor of a room
.floor of a room
.floor of a room
.floor of a room
.floor of a room
%a tripe ration
wall
stone
stone
stone
stone
stone
stone
stone
stone
stone
stone
stone
stone
stone
stone
stone
stone
stone
stone
stone
stone
stone
stone
stone
stone
stone
stone
stone
stone
stone
stone
stone
stone
stone
stone
stone
stone
stone
stone
stone
stone
stone
stone
stone
stone
stone
stone
stone
stone
stone
stone
stone
stone
stone
wall
.dark part of a room
wall
wall
wall
wall
wall
wall
wall
wall
wall
wall
wall
wall
wall
wall
wall
wall
@human monk called Gandelf
.floor of a room
.floor of a room
.floor of a room
.floor of a room
.floor of a room
.floor of a room
wall
stone
stone
stone
stone
stone
stone
stone
stone
stone
stone
stone
stone
stone
stone
stone
stone
stone
stone
stone
stone
stone
stone
stone
stone
stone
stone
stone
stone
stone
stone
stone
stone
stone
stone
stone
stone
stone
stone
stone
stone
stone
stone
stone
stone
stone
stone
stone
stone
stone
stone
stone
stone
stone
wall
.dark part of a room
wall
stone
stone
stone
stone
stone
stone
stone
stone
stone
wall
wall
wall
wall
wall
wall
mgiant mimic, holding you
wall
wall
wall
wall
wall
wall
wall
stone
stone
stone
stone
stone
stone
stone
stone
stone
stone
stone
stone
stone
stone
stone
stone
stone
stone
stone
stone
stone
stone
stone
stone
stone
stone
stone
stone
stone
stone
stone
stone
stone
stone
stone
stone
stone
stone
stone
stone
stone
stone
stone
stone
stone
stone
stone
stone
stone
stone
stone
stone
stone
wall
.dark part of a room
wall
stone
stone
stone
stone
stone
stone
stone
stone
stone
wall
.dark part of a room
.dark part of a room
.dark part of a room
.dark part of a room
.dark part of a room
.floor of a room
.dark part of a room
.dark part of a room
.dark part of a room
.dark part of a room
.dark part of a room
wall
stone
stone
stone
stone
stone
stone
stone
stone
stone
stone
stone
stone
stone
stone
stone
stone
stone
stone
stone
stone
stone
stone
stone
stone
stone
stone
stone
stone
stone
stone
stone
stone
stone
stone
stone
stone
stone
stone
stone
stone
stone
stone
stone
stone
stone
stone
stone
stone
stone
stone
stone
stone
stone
stone
wall
.dark part of a room
wall
stone
stone
stone
stone
stone
stone
stone
stone
stone
wall
.dark part of a room
0a boulder
.dark part of a room
0a boulder
.dark part of a room
0a boulder
.dark part of a room
0a boulder
.dark part of a room
0a boulder
.dark part of a room
wall
stone
stone
stone
stone
stone
stone
stone
stone
stone
stone
stone
stone
stone
stone
stone
stone
stone
stone
stone
stone
stone
stone
stone
stone
stone
stone
stone
stone
stone
stone
stone
stone
stone
stone
stone
stone
stone
stone
stone
stone
stone
stone
stone
stone
stone
stone
stone
stone
stone
stone
stone
stone
stone
stone
wall
.dark part of a room
wall
stone
stone
stone
stone
stone
stone
stone
stone
stone
wall
wall
wall
wall
wall
.dark part of a room
wall
wall
wall
wall
wall
wall
wall
wall
stone
stone
stone
stone
stone
stone
stone
stone
stone
stone
stone
stone
stone
stone
stone
stone
stone
stone
stone
stone
stone
stone
stone
stone
stone
stone
stone
stone
stone
stone
stone
stone
stone
stone
stone
stone
stone
stone
stone
stone
stone
stone
stone
stone
stone
stone
stone
stone
stone
stone
stone
stone
stone
wall
.dark part of a room
wall
stone
stone
stone
stone
stone
stone
stone
stone
stone
wall
.dark part of a room
0a boulder
.dark part of a room
0a boulder
.dark part of a room
.dark part of a room
0a boulder
.dark part of a room
0a boulder
.dark part of a room
.dark part of a room
.dark part of a room
wall
stone
stone
stone
stone
stone
stone
stone
stone
stone
stone
stone
stone
stone
stone
stone
stone
stone
stone
stone
stone
stone
stone
stone
stone
stone
stone
stone
stone
stone
stone
stone
stone
stone
stone
stone
stone
stone
stone
stone
stone
stone
stone
stone
stone
stone
stone
stone
stone
stone
stone
stone
stone
stone
wall
.dark part of a room
wall
stone
stone
stone
stone
stone
stone
stone
stone
stone
wall
.dark part of a room
.dark part of a room
.dark part of a room
.dark part of a room
.dark part of a room
.dark part of a room
.dark part of a room
.dark part of a room
0a boulder
.dark part of a room
.dark part of a room
.dark part of a room
wall
stone
stone
stone
stone
stone
stone
stone
stone
stone
stone
stone
stone
stone
stone
stone
stone
stone
stone
stone
stone
stone
stone
stone
stone
stone
stone
stone
stone
stone
stone
stone
stone
stone
stone
stone
stone
stone
stone
stone
stone
stone
stone
stone
stone
stone
stone
stone
stone
stone
stone
stone
stone
stone
wall
.dark part of a room
wall
wall
wall
wall
wall
wall
wall
stone
stone
stone
wall
wall
wall
wall
wall
wall
wall
wall
.dark part of a room
wall
wall
wall
wall
wall
stone
stone
stone
stone
stone
stone
stone
stone
stone
stone
stone
stone
stone
stone
stone
stone
stone
stone
stone
stone
stone
stone
stone
stone
stone
stone
stone
stone
stone
stone
stone
stone
stone
stone
stone
stone
stone
stone
stone
stone
stone
stone
stone
stone
stone
stone
stone
stone
stone
stone
stone
stone
stone
wall
.dark part of a room
wall
.dark part of a room
.dark part of a room
.dark part of a room
.dark part of a room
.dark part of a room
wall
wall
wall
stone
stone
wall
.dark part of a room
.dark part of a room
.dark part of a room
0a boulder
.dark part of a room
0a boulder
.dark part of a room
0a boulder
.dark part of a room
.dark part of a room
wall
stone
stone
stone
stone
stone
stone
stone
stone
stone
stone
stone
stone
stone
stone
stone
stone
stone
stone
stone
stone
stone
stone
stone
stone
stone
stone
stone
stone
stone
stone
stone
stone
stone
stone
stone
stone
stone
stone
stone
stone
stone
stone
stone
stone
stone
stone
stone
stone
stone
stone
stone
stone
stone
stone
wall
.dark part of a room
wall
.dark part of a room
.dark part of a room
.dark part of a room
.dark part of a room
.dark part of a room
+closed door
.dark part of a room
wall
stone
stone
wall
.dark part of a room
.dark part of a room
.dark part of a room
.dark part of a room
0a boulder
.dark part of a room
.dark part of a room
.dark part of a room
.dark part of a room
.dark part of a room
wall
stone
stone
stone
stone
stone
stone
stone
stone
stone
stone
stone
stone
stone
stone
stone
stone
stone
stone
stone
stone
stone
stone
stone
stone
stone
stone
stone
stone
stone
stone
stone
stone
stone
stone
stone
stone
stone
stone
stone
stone
stone
stone
stone
stone
stone
stone
stone
stone
stone
stone
stone
stone
stone
stone
wall
.dark part of a room
wall
.dark part of a room
.dark part of a room
.dark part of a room
.dark part of a room
.dark part of a room
wall
wall
wall
stone
stone
wall
wall
.dark part of a room
0a boulder
.dark part of a room
.dark part of a room
.dark part of a room
0a boulder
.dark part of a room
0a boulder
.dark part of a room
wall
stone
stone
stone
stone
stone
stone
stone
stone
stone
stone
stone
stone
stone
stone
stone
stone
stone
stone
stone
stone
stone
stone
stone
stone
stone
stone
stone
stone
stone
stone
stone
stone
stone
stone
stone
stone
stone
stone
stone
stone
stone
stone
stone
stone
stone
stone
stone
stone
stone
stone
stone
stone
stone
stone
wall
.dark part of a room
+closed door
.dark part of a room
.dark part of a room
.dark part of a room
.dark part of a room
.dark part of a room
+closed door
.dark part of a room
wall
stone
stone
stone
wall
wall
wall
wall
.dark part of a room
wall
wall
wall
wall
wall
wall
wall
stone
stone
stone
stone
stone
stone
stone
stone
stone
stone
stone
stone
stone
stone
stone
stone
stone
stone
stone
stone
stone
stone
stone
stone
stone
stone
stone
stone
stone
stone
stone
stone
stone
stone
stone
stone
stone
stone
stone
stone
stone
stone
stone
stone
stone
stone
stone
stone
stone
stone
stone
stone
stone
wall
wall
wall
.dark part of a room
.dark part of a room
.dark part of a room
.dark part of a room
.dark part of a room
wall
wall
wall
stone
stone
stone
stone
stone
wall
.dark part of a room
.dark part of a room
.dark part of a room
.dark part of a room
.dark part of a room
0a boulder
.dark part of a room
.dark part of a room
wall
stone
stone
stone
stone
stone
stone
stone
stone
stone
stone
stone
stone
stone
stone
stone
stone
stone
stone
stone
stone
stone
stone
stone
stone
stone
stone
stone
stone
stone
stone
stone
stone
stone
stone
stone
stone
stone
stone
stone
stone
stone
stone
stone
stone
stone
stone
stone
stone
stone
stone
stone
stone
stone
stone
stone
wall
.dark part of a room
.dark part of a room
.dark part of a room
.dark part of a room
.dark part of a room
+closed door
.dark part of a room
wall
stone
stone
stone
stone
stone
wall
.dark part of a room
.dark part of a room
.dark part of a room
.dark part of a room
.dark part of a room
.dark part of a room
.dark part of a room
.dark part of a room
wall
stone
stone
stone
stone
stone
stone
stone
stone
stone
stone
stone
stone
stone
stone
stone
stone
stone
stone
stone
stone
stone
stone
stone
stone
stone
stone
stone
stone
stone
stone
stone
stone
stone
stone
stone
stone
stone
stone
stone
stone
stone
stone
stone
stone
stone
stone
stone
stone
stone
stone
stone
stone
stone
stone
stone
wall
.dark part of a room
.dark part of a room
.dark part of a room
.dark part of a room
.dark part of a room
wall
wall
wall
stone
stone
stone
stone
stone
wall
wall
wall
wall
wall
wall
.dark part of a room
.dark part of a room
.dark part of a room
wall
stone
stone
stone
stone
stone
stone
stone
stone
stone
stone
stone
stone
stone
stone
stone
stone
stone
stone
stone
stone
stone
stone
stone
stone
stone
stone
stone
stone
stone
stone
stone
stone
stone
stone
stone
stone
stone
stone
stone
stone
stone
stone
stone
stone
stone
stone
stone
stone
stone
stone
stone
stone
stone
stone
stone
wall
wall
wall
wall
wall
wall
wall
stone
stone
stone
stone
stone
stone
stone
stone
stone
stone
stone
stone
wall
wall
wall
wall
wall
stone
stone
stone
stone
stone
stone
stone
stone
stone
stone
stone
stone
stone
stone
stone
stone
stone
stone
stone
stone
stone
stone
stone
stone
stone
stone
stone
[Gandelf the Novice ] St:14 Dx:16 Co:13 In:11 Wi:12 Ch:10 Neutral S:1116 Dlvl:2 $:38 HP:0(41) Pw:25(29) AC:1 Xp:5/207 T:2486

Latest messages:

You hit the giant beetle!
You hit the giant beetle! The giant beetle misses!
You hit the giant beetle!
You miss the giant beetle.
You hit the giant beetle!
You kill the giant beetle!
You see here a giant beetle corpse.
You see here a food ration.
w - a food ration (3 in total).
You see here a mummy wrapping.
B - a mummy wrapping.
You see here a maple wand.
C - a maple wand.
You climb up the stairs.
There is a staircase down to level 3 here. You see here a tripe ration.
You see here a tripe ration.
q - a tripe ration (3 in total).
There is a staircase down to level 3 here. You see here a tripe ration.
Really save? [yn] (n) y
Saving...
Restoring save file...
Hello Gandelf, the human Monk, welcome back to NetHack!
You are lucky! Full moon tonight.
Wait! That's a giant mimic!
You begin striking monsters with your gloved hands.
You hit the giant mimic!
You hit the giant mimic!
You hit the giant mimic.
The air around you begins to shimmer with a golden haze.
The giant mimic hits!
The giant mimic hits!
You hit the giant mimic!
You hit the giant mimic.
You hit the giant mimic!
The giant mimic hits!
You die...
Do you want your possessions identified? [ynq] (y) q

Inventory:

Coins

$ - 38 gold pieces

Armor

a - an uncursed +2 pair of leather gloves (being worn)
B - an uncursed +0 mummy wrapping
b - an uncursed +1 robe (being worn)

Comestibles

g - 6 uncursed apples
y - an uncursed cram ration
f - 2 uncursed food rations
w - 3 uncursed food rations
i - 4 uncursed fortune cookies
h - 6 uncursed oranges
A - an uncursed pancake
q - 3 uncursed tripe rations
u - an uncursed tin of candied kobold leader meat
t - an uncursed tin of stir fried giant ant meat
z - an uncursed lizard corpse

Scrolls

s - 2 uncursed scrolls of earth
d - an uncursed scroll of identify
p - an uncursed scroll of identify

Spellbooks

c - a blessed spellbook of protection

Potions

e - 3 uncursed potions of water

Rings

n - an uncursed ring of polymorph

Wands

C - a wand of enlightenment (0:12)
v - a wand of nothing (0:12)
m - a wand of striking (0:6)
r - a wand of undead turning (0:5)

Gems/Stones

k - an uncursed worthless piece of green glass

Gandelf the Monk's attributes:


Background:

You were a Novice, a level 5 male human Monk.
You were neutral, nominally on a mission for Chih Sung-tzu
who was opposed by Shan Lai Ching (lawful) and Huan Ti (chaotic).
You were in Sokoban, on level 2.
You entered the dungeon 2486 turns ago.
There was a full moon in effect when your adventure ended.
You had 207 experience points, 113 more were needed to attain level 6.
Your score was 1116 before end-of-game adjustments.

Basics:

You had 0 out of 41 hit points.
You had 25 out of 29 energy points (spell power).
Your armor class was 1.
Your wallet contained 38 zorkmids.
Autopickup was off.

Final Characteristics:

Your strength was 14 (limit:18/100).
Your dexterity was 16 (limit:18).
Your constitution was 13 (limit:18).
Your intelligence was 11 (limit:18).
Your wisdom was 12 (limit:18).
Your charisma was 10 (limit:18).

Final Status:

You were held by a giant mimic (south).
You were not hungry.
You were unencumbered.
You were empty handed.
You had basic skill with martial arts.

Final Attributes:

You were piously aligned.
You were sleep resistant.
You were poison resistant.
You saw invisible.
You were stealthy.
You had a small defense bonus (+3).
You were guarded.
You were fast.
You were lucky.
You are dead.

Miscellaneous:
You never encountered a bones level.
Total elapsed playing time was 13 minutes and 44 seconds.

Major events:

Turn

1: Gandelf the neutral male human Monk entered the dungeon
1019: attained the rank of Novice (level 3)
1376: entered Sokoban
1673: completed 1st Sokoban level
2165: completed 2nd Sokoban level
2430: completed 3rd Sokoban level
2486: killed by a giant mimic

Vanquished creatures:

a giant beetle
an orc mummy
a lizard
a shrieker
a golden naga hatchling
a gray ooze
2 giant ants
an iguana
2 gas spores
a hobbit
a large kobold
4 giant rats
a brown mold
4 geckos
6 jackals
a kobold
2 grid bugs
a bat
5 lichens
5 newts
42 creatures vanquished.
No species were genocided or became extinct.

Voluntary challenges:

You followed a strict vegan diet.
You were an atheist.
You never hit with a wielded weapon.
You were illiterate.
You never engraved Elbereth.
You never genocided any monsters.
You never polymorphed an object.
You never changed form.
You used no wishes.
You did not violate any of the special Sokoban rules.

Achievements:

You entered a shop.
You attained the rank of Novice.
You entered Sokoban.

The Dungeons of Doom: levels 1 to 6

   Level 1:
A fountain.
Level 2:
A general store, a fountain.
Level 3:
A fountain.
Level 4:
Level 5:
Many fountains.
Level 6:
Stairs up to Sokoban, level 5.

Sokoban: levels 5 up to 2

   Level 2: <- You were here.
Unsolved.
Final resting place for
you, killed by a giant mimic.
Level 3:
Solved.
Level 4:
Solved.
Level 5:
Solved.

Game over:

----------
/ \
/ REST \
/ IN \
/ PEACE \
/ \
| Gandelf |
| 38 Au |
| killed by a |
| giant mimic |
| |
| |
| 2022 |
*| * * * | *
_________)/\\_//(\/(/\)/\//\/|_)_______

Goodbye Gandelf the Monk...


You died in Sokoban on dungeon level 2 with 1113 points,
and 38 pieces of gold, after 2486 moves.
You were level 5 with a maximum of 41 hit points when you died.